 Dungeon Crawl Stone Soup version 0.31-a0-185-g9dded2c639 (webtiles) character file.

Game seed: 4584547650433165795

4 qw the Shooter (level 1, 0/12 HPs)
             Began as a Deep Elf Hunter on June 22, 2023.
             Slain by a jackal (1 damage)
             ... on level 1 of the Dungeon.
             The game lasted 00:00:02 (85 turns).

qw the Shooter (Deep Elf Hunter)                      Turns: 85, Time: 00:00:03

Health: 0/12       AC:  3    Str:  8    XL:     1   Next: 58%
Magic:  3/3        EV: 12    Int: 13    God:
Gold:   7          SH:  0    Dex: 18    Spells: 0/0 levels left

rFire   . . .        a - +0 shortbow
rCold   . . .        (shield currently unavailable)
rNeg    . . .        c - +0 leather armour
rPois   .            (no helmet)
rElec   .            (no cloak)
rCorr   .            (no gloves)
SInv    .            (no boots)
Will    .....        (no amulet)
Stlth   ++           (no ring)
HPRegen 0.22/turn    (no ring)
MPRegen 0.08/turn

%: no passive effects
@: no status effects
A: no striking features
a: no special abilities


You were on level 1 of the Dungeon.
You visited 1 branch of the dungeon, and saw 1 of its levels.

You collected 7 gold pieces.


   Skills:
 - Level 1.5 Fighting
 + Level 5.7 Ranged Weapons
 - Level 2.4 Dodging
 - Level 1.2 Stealth


You couldn't memorise any spells.
You didn't know any spells.
Your spell library was empty.

Inventory:

Hand Weapons
 a - a +0 shortbow (weapon)
Armour
 c - a +0 leather armour (worn)
Jewellery
 d - a ring of flight
Scrolls
 b - a scroll of butterflies
 e - a scroll of amnesia {unknown}
 g - a scroll of revelation {unknown}
Potions
 f - 2 potions of berserk rage {unknown}

Dungeon Overview and Level Annotations

Branches:
Dungeon (1/15)

Altars:


Message History

4 jackals come into view.
The jackal barks! x3
Enter note: You shoot an arrow.
The jackal barks!
The arrow hits the jackal but does no damage.
The jackal barely misses you. The jackal bites you.
You shoot an arrow. The arrow closely misses the jackal.
The arrow hits the jackal.
The jackal is severely wounded.
The jackal completely misses you. The jackal closely misses you.
You shoot an arrow.
The arrow hits the jackal but does no damage.
The jackal bites you but does no damage.
You shoot an arrow. The arrow hits the jackal.
You kill the jackal!
The jackal barely misses you. The jackal closely misses you.
The jackal barely misses you. The jackal bites you.
The jackal barely misses you.
You shoot an arrow.
The arrow hits the jackal but does no damage.
The jackal barely misses you. x2; The jackal bites you.
You shoot an arrow. The arrow closely misses the jackal.
The jackal closely misses you. The jackal bites you.
The jackal barely misses you. x2; The jackal closely misses you.
The jackal bites you.
You shoot an arrow. The arrow hits the jackal.
The jackal is moderately wounded.
The jackal closely misses you. The jackal barely misses you. x2
The jackal bites you but does no damage.
The jackal closely misses you. The jackal barely misses you.
You shoot an arrow. The arrow barely misses the jackal.
The jackal barely misses you. The jackal closely misses you.
The jackal bites you.
You shoot an arrow. The arrow completely misses the jackal.
The jackal bites you but does no damage.
The jackal barely misses you. The jackal closely misses you.
The jackal bites you but does no damage.
The jackal closely misses you. The jackal bites you.
You die...

.............
....................
....................
#
....%...............
#.
.......##...........
#..
)......#...........
#...
#.)...######'#####
#....#h.....#####.#
#....h@._...##....#
#....#h...%.##.####
#... #......##.####
### ######.##....#
#.#####.# #.###.#.#
#.#...#.# #.#.#.#.#
#.#.#.#.#


You could see 3 jackals.

Vanquished Creatures
  A bat (D:1)
  A giant cockroach (D:1)
  A jackal (D:1)
  A frilled lizard (D:1)
4 creatures vanquished.

Notes
Turn   | Place    | Note
-------+----------+-------------------------------------------
     0 | D:1      | qw the Deep Elf Hunter began the quest for the Orb.
     0 | D:1      | Reached XP level 1. HP: 12/12 MP: 3/3
     0 | D:1      | 0 ||| qw: Version: 0.3-a-9-g12657ce
     0 | D:1      | 0 ||| qw: Game counter: 1678
     0 | D:1      | 0 ||| qw: Always use a shield: true
     0 | D:1      | 0 ||| qw: God list: Okawaru
     0 | D:1      | 0 ||| qw: Allow faded altars: false
     0 | D:1      | 0 ||| qw: Do Orc after D:15 true
     0 | D:1      | 0 ||| qw: Do second Lair branch before Depths: true
     0 | D:1      | 0 ||| qw: Lair rune preference: random
     0 | D:1      | 0 ||| qw: Plans: Normal
     0 | D:1      | 0 ||| PLANNING D:1-11
    62 | D:1      | Found a faded altar of an unknown god.
    82 | D:1      | HP: 2/12 [jackal (2)]
    85 | D:1      | Slain by a jackal

Levels and vault maps discovered:
D:1:      minmay_arrival_arboretum_small, layout_basic,
          ebering_ecumenical_altar_sacrificial

Action                     || total
---------------------------++-------
   Fire: Shortbow          ||    14
 Armour: Leather armour    ||     4
  Dodge: Dodged            ||    23

Table legend:
 A = Non-vault XP
 B = Vault XP
 C = Vault XP percentage of total XP
 D = Non-vault monster count
 E = Vault monster count
 F = Vault count percentage of total count
                 A         B        C        D         E       F
            +---------+---------+-------+---------+---------+-------
      Total |       7 |       0 |   0.0 |       4 |       0 |   0.0
            +---------+---------+-------+---------+---------+-------
        D:1 |       7 |       0 |   0.0 |       4 |       0 |   0.0
            +---------+---------+-------+---------+---------+-------
